AoeStats
← barfthom

Arabia

510431935Analyzed
2v2 RM · 16h ago on Oct 1, 2026· 36m 34s· 4 players
Game mode
Random Map
Map size
Medium (4 player)
Population
200
Speed
Normal
Resources
Standard
Victory
Conquest
Starting age
Dark Age
Ending age
Imperial Age
RankedLock teamsTeams togetherTeam positionsShared explorationLock speedFull tech treeHidden civsTurbo modeCheats
Victory
Defeat
🇺🇸 Persians · United States
1000
+16
🇺🇸 Ethiopians · United States
999
+16
🇷🇺 Magyars · Russia
1038
-18
🇦🇷 Goths · Argentina
960
-14
nolesallday
7:20 Loom
9:22 Feudal Age
10:08 Double-Bit Axe
13:28 Horse Collar
19:25 Castle Age
19:13 Bloodlines
19:15 Scale Barding Armor
21:14 Forging
21:47 Gold Mining
23:23 Wheelbarrow
22:33 Town Watch
23:21 Chain Barding Armor
26:39 Bow Saw
26:32 Heavy Plow
26:27 Stone Mining
27:58 Husbandry
28:37 Iron Casting
29:21 Hand Cart
29:08 Town Patrol
32:20 Fletching
32:34 Padded Archer Armor
33:55 Kamandaran
37:04 Imperial Age
34:09 Pikeman
35:32 Bodkin Arrow
35:01 Crossbowman
barfthom
6:50 Loom
9:24 Feudal Age
10:01 Double-Bit Axe
12:10 Town Watch
17:02 Horse Collar
20:34 Wheelbarrow
25:05 Castle Age
22:58 Fletching
23:09 Padded Archer Armor
25:25 Gold Mining
25:56 Bow Saw
25:13 Crossbowman
26:47 Heavy Plow
27:47 Stone Mining
30:09 Ballistics
35:05 Forging
35:00 Scale Mail Armor
joaquinrainone
0:26 Loom
12:02 Feudal Age
17:00 Town Watch
20:54 Castle Age
27:04 Elite Skirmisher
32:28 Padded Archer Armor
32:37 Horse Collar
32:49 Double-Bit Axe
33:17 Fletching
34:23 Gold Mining
35:23 Wheelbarrow
35:53 Bow Saw
35:57 Forging
35:20 Man-at-Arms
35:59 Long Swordsman
salikoff
7:54 Loom
11:07 Feudal Age
16:52 Castle Age
14:45 Horse Collar
15:34 Scale Barding Armor
15:20 Fletching
15:27 Double-Bit Axe
18:03 Bow Saw
19:06 Heavy Plow
22:08 Stone Mining
27:40 Chain Barding Armor
30:08 Gold Mining
32:04 Corvinian Army
33:30 Bloodlines
33:21 Husbandry
34:35 Gold Shaft Mining
37:48 Imperial Age
35:43 Scale Mail Armor
Connection lost

Rejoining the realm…

Still unreachable

The connection could not be restored.

Session expired

The server has moved on; the page needs a fresh start.